 Dungeon Crawl Stone Soup version 0.31.0-11-ge490571c62 (webtiles) character file.

Game seed: 7034230458182931098

16958 Ashen the Covert (level 12, -28/91 HPs)
             Began as a Gnoll Enchanter on Feb 4, 2024.
             Was a Follower of Uskayaw.
             Annihilated by a minotaur
             ... wielding a +5 great mace of protection
              (36 damage)
             ... in a Gauntlet.
             The game lasted 00:55:56 (14985 turns).

Ashen the Covert (Gnoll Enchanter)                 Turns: 14985, Time: 00:55:57

Health: -28/91     AC: 11    Str: 13    XL:     12   Next: 43%
Magic:  20/25      EV: 16    Int: 18    God:    Uskayaw [*.....]
Gold:   1786       SH:  6    Dex: 17    Spells: 18/29 levels left

rFire   . . .        d - +2 quick blade of Big Damage {spect, +Blink rElec Int+2}
rCold   . . .        R - +0 buckler
rNeg    . . .        b - +0 leather armour
rPois   +            x - +0 helmet
rElec   +            u - +0 cloak
rCorr   .            o - +0 pair of gloves
SInv    .            y - +2 pair of boots
Will    .....        M - amulet of magic regeneration
Stlth   ++++         f - ring of poison resistance
HPRegen 0.35/turn    P - +6 ring of strength
MPRegen 0.59/turn

%: no teleportation
@: very slightly contaminated
A: fangs 1, strong nose, distributed training
a: Renounce Religion, Evoke Blink, Stomp


You were in a Gauntlet.
You worshipped Uskayaw.
Uskayaw was aware of your devotion.
You visited 2 branches of the dungeon, and saw 14 of its levels.
You also visited: Gauntlet and Ice Cave.

You collected 1974 gold pieces.
You spent 188 gold pieces at shops.

Inventory:

Hand Weapons
 a - a +1 dagger
 d - the +2 quick blade of Big Damage (weapon) {spect, +Blink rElec Int+2}
   (You acquired it in an ice cave)

   Int+2:     It affects your intelligence (+2).
   rElec:     It insulates you from electricity.
   +Blink:    It lets you blink.
 C - a +1 dagger of protection
 J - the +6 long sword "Idwyot" {heavy, rElec rC+ Will++}
   (You found it on level 9 of the Dungeon)

   rC+:       It protects you from cold.
   rElec:     It insulates you from electricity.
   Will++:    It greatly increases your willpower.
 S - a +2 long sword of flaming
Armour
 b - a +0 leather armour (worn)
 o - a +0 pair of gloves (worn)
 u - a +0 cloak (worn)
 x - a +0 helmet (worn)
 y - a +2 pair of boots (worn)
 I - the scarf of Tomorrow {shadows, +Blink rN+}
   (You found it in a Gauntlet)

   rN+:       It protects you from negative energy.
   +Blink:    It lets you blink.
 R - a +0 buckler (worn)
Jewellery
 f - a ring of poison resistance (left hand)
 w - the amulet of the Four Winds {rN+ Will+++ Clar}
   (You found it in a Gauntlet)

   [amulet of nothing]

   rN+:       It protects you from negative energy.
   Will+++:   It greatly increases your willpower.
   Clar:      It protects you from confusion, rage, mesmerisation and fear.
 M - an amulet of magic regeneration (around neck)
 P - a +6 ring of strength (right hand)
Wands
 c - a wand of acid (2)
 p - a wand of roots (23)
 N - a wand of paralysis (4)
Scrolls
 e - 3 scrolls of fog
 h - 12 scrolls of teleportation
 i - 2 scrolls of enchant weapon {unknown}
 k - 4 scrolls of fear {unknown}
 s - 3 scrolls of revelation
 t - a scroll of silence {unknown}
 v - 3 scrolls of vulnerability
 A - a scroll of blinking {unknown}
 D - 2 scrolls of torment {unknown}
 E - 2 scrolls of amnesia
 G - a scroll of brand weapon {unknown}
 H - 2 scrolls of enchant armour {unknown}
 K - 2 scrolls of poison {unknown}
 L - a scroll of noise {unknown}
 O - 2 scrolls of immolation {unknown}
Potions
 g - 4 potions of brilliance
 j - a potion of might
 l - 7 potions of haste
 m - a potion of heal wounds
 n - 5 potions of lignification
 q - 2 potions of ambrosia
 r - 7 potions of curing
 z - a potion of enlightenment
 B - 3 potions of mutation
 F - a potion of berserk rage
 Q - a potion of degeneration


   Skills:
 + Level 7.5 Fighting
 + Level 8.0 Short Blades
 + Level 7.5 Long Blades
 + Level 7.5 Axes
 + Level 7.5 Maces & Flails
 + Level 7.5 Polearms
 + Level 7.5 Staves
 + Level 7.5 Ranged Weapons
 + Level 7.5 Throwing
 + Level 7.5 Armour
 + Level 8.9 Dodging
 + Level 9.7 Stealth
 + Level 7.5 Shields
 + Level 7.5 Unarmed Combat
 + Level 9.1 Spellcasting
 + Level 6.2 Conjurations
 + Level 8.4 Hexes
 + Level 6.2 Summonings
 + Level 6.2 Necromancy
 + Level 6.2 Translocations
 + Level 6.2 Fire Magic
 + Level 6.2 Ice Magic
 + Level 6.2 Air Magic
 + Level 6.2 Earth Magic
 + Level 6.2 Alchemy
 + Level 8.3 Invocations
 + Level 7.5 Evocations
 + Level 6.9 Shapeshifting


You had 18 spell levels left.
You knew the following spells:

 Your Spells              Type           Power      Damage    Failure   Level
a - Ensorcelled Hibernat  Hex/Ice        68%        N/A       1%          2
b - Confusing Touch       Hex            38%        N/A       1%          3
c - Tukima's Dance        Hex            38%        N/A       1%          3
d - Dazzling Flash        Conj/Hex       68%        N/A       1%          3

Your spell library contained the following spells:

 Spells                   Type           Power      Damage    Failure   Level
 Call Imp                 Summ           60%        N/A       1%          2
 Sublimation of Blood     Necr           30%        N/A       1%          2
 Inner Flame              Hex/Fire       34%        N/A       1%          3
 Frozen Ramparts          Ice            60%        1d10      3%          3
 Fugue of the Fallen      Necr           30%        N/A       3%          3
 Gell's Gravitas          Tloc           30%        N/A       3%          3
 Ozocubu's Armour         Ice            30%        N/A       3%          3
 Teleport Other           Tloc           30%        N/A       3%          3
 Leda's Liquefaction      Alch/Erth      15%        N/A       10%         4
 Manifold Assault         Tloc           30%        N/A       10%         4
 Passage of Golubria      Tloc           30%        N/A       10%         4
 Petrify                  Alch/Erth      30%        N/A       10%         4
 Metabolic Englaciation   Hex/Ice        17%        N/A       19%         5
 Silence                  Hex/Air        17%        N/A       19%         5
 Irradiate                Conj/Alch      15%        3d16      28%         5
 Dispersal                Tloc           15%        N/A       83%         6
 Summon Hydra             Summ           15%        N/A       100%        7
 Ignition                 Fire           15%        3d6       100%        8
 Lehudib's Crystal Spear  Conj/Erth      15%        10d5      100%        8


Dungeon Overview and Level Annotations

Branches:
Dungeon (12/15)            Temple (0/1) D:4            Lair (2/5) D:8
    Orc (0/2) D:9           IceCv (visited)         Gauntlet (1/1)
  Swamp: Lair:2-3    Shoals: Lair:2-3     Snake: Lair:2-3    Spider: Lair:2-3

Altars:
Cheibriados
Fedhas
Hepliaklqana
Kikubaaqudgha
Makhleb
Nemelex Xobeh
Qazlal
Ru
Trog
Uskayaw
Vehumet
Xom
Zin
The Shining One

Shops:
D:4 *   D:5 *   D:12 :

Portals:
Trove: D:11 (give +6 demon blade)

Annotations:
Gauntlet 8 transporters, 2 runed translucent doors


Innate Abilities, Weirdness & Mutations

You have very sharp teeth.
Your uncanny sense of smell can sniff out nearby items.
Your experience applies equally to all skills.


Message History

The minotaur is lightly wounded.
Your +2 quick blade of Big Damage {spect, +Blink rElec Int+2} hits the minotaur but does no damage.
Your +2 quick blade of Big Damage {spect, +Blink rElec Int+2} barely misses the minotaur.
The minotaur furiously retaliates!
The minotaur headbutts your +2 quick blade of Big Damage {spect, +Blink rElec Int+2}!
Your spectral weapon shares its damage with you!
The minotaur barely misses you. The minotaur misses you.
You hit the minotaur but do no damage. Your bite misses the minotaur.
You hit the minotaur but do no damage.
The minotaur is lightly wounded.
Your +2 quick blade of Big Damage {spect, +Blink rElec Int+2} hits the minotaur but does no damage.
Your +2 quick blade of Big Damage {spect, +Blink rElec Int+2} hits the minotaur.
The minotaur hits you with a +5 great mace of protection!!
You block the minotaur's attack.
Unknown command.
Casting: Confusing Touch (safe; 1% risk of failure)
Confirm with . or Enter, or press ? or * to list all spells.
Casting: Dazzling Flash (safe; 1% risk of failure)
Press: ? - help, Dir - look around, f - activate Look: a minotaur, wielding a +5 great mace of protection, wearing a +2 crystal plate armour and quivering javelins (lightly wounded, chance to dazzle: 33%)
You miscast Dazzling Flash.
You are very lightly contaminated with residual magic.
Nothing appears to happen.
Your +2 quick blade of Big Damage {spect, +Blink rElec Int+2} disappears.
The minotaur barely misses you.
The minotaur gores you but does no damage.
Casting: Dazzling Flash (safe; 1% risk of failure)
Confirm with . or Enter, or press ? or * to list all spells.
Casting: Dazzling Flash (safe; 1% risk of failure)
Press: ? - help, Dir - look around, f - activate The minotaur is dazzled.
The minotaur hits you with a +5 great mace of protection!!!
* * * LOW HITPOINT WARNING * * *
The minotaur gores you!
* * * LOW HITPOINT WARNING * * *
You hit the minotaur but do no damage. You completely miss the minotaur.
Your +2 quick blade of Big Damage {spect, +Blink rElec Int+2} hits the minotaur but does no damage.
Your +2 quick blade of Big Damage {spect, +Blink rElec Int+2} barely misses the minotaur.
The minotaur hits you with a +5 great mace of protection!!!
You die...

##### #8∩8# #}.?#
#8H8# ## #(@[#
###8.#8.8#
#....#...#
#.#..#8.8# .#
#.#..##'##..#.#
#.............#
#.#.##.#.##.#.#
#.#....#....#.#
###.#.#######.#.###


You could see a minotaur (blind, unable to see you) and a friendly +2 quick
blade of Big Damage {spect, +Blink rElec Int+2}.

Vanquished Creatures
  A ghost crab (Gauntlet)
  A boulder beetle (D:11)
  A two-headed ogre (D:8)
  Pikel (D:4)
  An ugly thing (IceCv)
  3 ice statues (IceCv)
  2 ice devils (Lair:1)
  An anaconda simulacrum (IceCv)
  A freezing wraith (IceCv)
  2 komodo dragons
  A troll (D:12)
  3 hornets (Gauntlet)
  3 blink frogs (Lair:1)
  9 slime creatures
  Sigmund (D:2)
  A shadow (D:11)
  4 wyverns
  A wraith (D:12)
  5 yaks (D:8)
  2 basilisks (Lair:1)
  2 steam dragons
  Edmund (D:6)
  5 vampire mosquitoes
  An acid dragon (D:10)
  2 harpy simulacra (IceCv)
  2 water moccasins
  3 ice beasts
  6 orc warriors
  3 ogres
  2 centaurs
  12 wolves
  2 lemures (D:4)
  A phantom (D:4)
  A kobold brigand (D:10)
  9 bullfrogs
  5 scorpions
  4 wights (D:9)
  2 elephant simulacra (IceCv)
  9 killer bees (D:8)
  2 howler monkeys
  2 bombardier beetles
  8 jellies
  3 quasits (D:7)
  4 orc priests
  3 hounds
  A gnoll bouda (D:7)
  3 iguanas
  2 sleepcaps
  Jessica (D:2)
  7 orc wizards
  A polar bear simulacrum (IceCv)
  2 wolf simulacra (IceCv)
  10 gnolls
  9 adders
  3 shadow imps
  3 white imps (D:7)
  3 ufetubi
  2 ribbon worms
  5 dart slugs
  59 orcs
  4 ball pythons
  9 endoplasms
  4 giant cockroaches
  5 goblins
  4 hobgoblins
  8 jackals
  3 quokkas
  11 bats
  2 frilled lizards (D:1)
  12 kobolds
  4 rats
315 creatures vanquished.

Vanquished Creatures (others)
  An orc wizard (D:5)
  3 orcs (D:5)
4 creatures vanquished.

Grand Total: 319 creatures vanquished

Notes
Turn   | Place    | Note
-------+----------+-------------------------------------------
     0 | D:1      | Ashen the Gnoll Enchanter began the quest for the Orb.
     0 | D:1      | Reached XP level 1. HP: 13/13 MP: 6/6
    81 | D:1      | Reached XP level 2. HP: 19/19 MP: 7/7
    84 | D:1      | Learned a level 2 spell: Ensorcelled Hibernation
   332 | D:1      | Reached skill level 5 in Spellcasting
   332 | D:1      | Reached XP level 3. HP: 25/25 MP: 7/9
   553 | D:1      | Reached skill level 1 in Invocations
   797 | D:1      | You fall into a shaft and drop 1 floor!
   931 | D:2      | Noticed Jessica
   941 | D:2      | Killed Jessica
   942 | D:2      | Reached skill level 1 in Fighting
   942 | D:2      | Reached skill level 1 in Long Blades
   942 | D:2      | Reached skill level 1 in Axes
   942 | D:2      | Reached skill level 1 in Maces & Flails
   942 | D:2      | Reached skill level 1 in Polearms
   942 | D:2      | Reached skill level 1 in Staves
   942 | D:2      | Reached skill level 1 in Ranged Weapons
   942 | D:2      | Reached skill level 1 in Throwing
   942 | D:2      | Reached skill level 1 in Armour
   942 | D:2      | Reached skill level 1 in Shields
   942 | D:2      | Reached skill level 1 in Unarmed Combat
   942 | D:2      | Reached skill level 1 in Evocations
   942 | D:2      | Reached skill level 1 in Shapeshifting
   942 | D:2      | Reached XP level 4. HP: 12/32 MP: 1/11
  1215 | D:1      | Learned a level 3 spell: Confusing Touch
  1219 | D:1      | Learned a level 3 spell: Tukima's Dance
  1223 | D:1      | Learned a level 3 spell: Dazzling Flash
  1286 | D:2      | Noticed Sigmund
  1292 | D:2      | Killed Sigmund
  1293 | D:2      | Reached skill level 1 in Conjurations
  1293 | D:2      | Reached skill level 1 in Summonings
  1293 | D:2      | Reached skill level 1 in Necromancy
  1293 | D:2      | Reached skill level 1 in Translocations
  1293 | D:2      | Reached skill level 1 in Fire Magic
  1293 | D:2      | Reached skill level 1 in Ice Magic
  1293 | D:2      | Reached skill level 1 in Air Magic
  1293 | D:2      | Reached skill level 1 in Earth Magic
  1293 | D:2      | Reached skill level 1 in Alchemy
  1293 | D:2      | Reached XP level 5. HP: 26/38 MP: 7/12
  1293 | D:2      | Reached XP level 6. HP: 30/44 MP: 7/13
  1495 | D:2      | Reached skill level 5 in Dodging
  2852 | D:4      | Reached XP level 7. HP: 37/50 MP: 8/15
  3022 | D:4      | Found a sacrificial altar of Ru.
  3022 | D:4      | Found a hide-covered altar of Uskayaw.
  3022 | D:4      | Found an ancient bone altar of Kikubaaqudgha.
  3030 | D:4      | Became a worshipper of Uskayaw the Reveller
  3113 | D:4      | Reached * piety under Uskayaw
  3157 | D:4      | Found Naenoti's General Store.
  3194 | D:4      | Noticed Pikel
  3230 | D:4      | Bought a scroll of revelation for 97 gold pieces
  3230 | D:4      | Bought a scroll of teleportation for 39 gold pieces
  3230 | D:4      | Bought a scroll of fog for 52 gold pieces
  3340 | D:4      | Reached ** piety under Uskayaw
  3469 | D:4      | Killed Pikel
  3469 | D:4      | Reached *** piety under Uskayaw
  3470 | D:4      | Reached XP level 8. HP: 52/58 MP: 9/17
  3590 | D:4      | Found a hazy altar of Hepliaklqana.
  3783 | D:4      | Found a staircase to the Ecumenical Temple.
  3948 | D:5      | Entered Level 5 of the Dungeon
  3973 | D:5      | Found Tautuoff's General Store.
  4003 | D:5      | Found a shimmering altar of Xom.
  4003 | D:5      | Noticed an angel
  4004 | D:5      | Found a glowing silver altar of Zin.
  4094 | D:5      | Identified the +5 flail "Izazenemo" {heavy, Int+3}
  4308 | D:5      | Reached XP level 9. HP: 65/65 MP: 12/18
  4571 | D:5      | Reached skill level 5 in Short Blades
  4717 | D:5      | Found a radiant altar of Vehumet.
  4837 | D:6      | Noticed Edmund
  5132 | D:6      | Killed Edmund
  5369 | D:6      | Reached skill level 5 in Invocations
  5527 | D:6      | Found a bloodstained altar of Trog.
  5527 | D:6      | Found a sparkling altar of Nemelex Xobeh.
  5535 | D:6      | Found a snail-covered altar of Cheibriados.
  5546 | D:6      | Found a glowing golden altar of the Shining One.
  6935 | D:7      | Reached skill level 5 in Fighting
  6935 | D:7      | Reached skill level 5 in Long Blades
  6935 | D:7      | Reached skill level 5 in Axes
  6935 | D:7      | Reached skill level 5 in Maces & Flails
  6935 | D:7      | Reached skill level 5 in Polearms
  6935 | D:7      | Reached skill level 5 in Staves
  6935 | D:7      | Reached skill level 5 in Ranged Weapons
  6935 | D:7      | Reached skill level 5 in Throwing
  6935 | D:7      | Reached skill level 5 in Armour
  6935 | D:7      | Reached skill level 5 in Shields
  6935 | D:7      | Reached skill level 5 in Unarmed Combat
  6935 | D:7      | Reached skill level 5 in Evocations
  6935 | D:7      | Reached XP level 10. HP: 64/74 MP: 4/20
  7431 | D:8      | Found a staircase to the Lair.
  7693 | D:8      | Reached **** piety under Uskayaw
  7701 | D:8      | Reached ***** piety under Uskayaw
  7925 | D:8      | Reached skill level 5 in Shapeshifting
  8073 | D:8      | Noticed a two-headed ogre
  8082 | D:8      | Killed a two-headed ogre
  8384 | D:8      | Found a blossoming altar of Fedhas.
  8498 | D:9      | Identified the +6 long sword "Idwyot" {heavy, rElec rC+
                  | Will++}
  8894 | D:9      | Found a staircase to the Orcish Mines.
  9157 | D:9      | Found a burning altar of Makhleb.
  9236 | D:10     | Entered Level 10 of the Dungeon
  9236 | D:10     | Found a stormy altar of Qazlal.
  9476 | D:10     | Reached skill level 5 in Conjurations
  9476 | D:10     | Reached skill level 5 in Summonings
  9476 | D:10     | Reached skill level 5 in Necromancy
  9476 | D:10     | Reached skill level 5 in Translocations
  9476 | D:10     | Reached skill level 5 in Fire Magic
  9476 | D:10     | Reached skill level 5 in Ice Magic
  9476 | D:10     | Reached skill level 5 in Air Magic
  9476 | D:10     | Reached skill level 5 in Earth Magic
  9476 | D:10     | Reached skill level 5 in Alchemy
  9662 | D:9      | Reached XP level 11. HP: 80/81 MP: 13/22
 10580 | D:11     | Found a portal to a secret trove of treasure.
 11094 | D:11     | Noticed a boulder beetle
 11121 | D:11     | Killed a boulder beetle
 11257 | D:12     | Noticed a red ugly thing
 11257 | D:12     | Noticed a brown ugly thing
 11462 | D:12     | Found Caoly's Book Shoppe.
 11772 | Lair:1   | Entered Level 1 of the Lair of Beasts
 11867 | Lair:1   | Found a frozen archway.
 11927 | IceCv    | Entered an ice cave
 11980 | IceCv    | Noticed a white ugly thing
 12006 | IceCv    | Killed a white ugly thing
 13307 | IceCv    | Reached XP level 12. HP: 91/91 MP: 24/24
 13473 | IceCv    | Identified 2 scrolls of acquirement
 13474 | IceCv    | Acquired 1055 gold pieces
 13477 | IceCv    | Acquired the +2 quick blade of Big Damage {spect, +Blink
                  | rElec Int+2}
 14386 | Lair:2   | Found a gate leading to a gauntlet.
 14493 | Gauntlet | Entered a Gauntlet
 14493 | Gauntlet | Found a transporter.
 14511 | Gauntlet | Found a transporter.
 14512 | Gauntlet | Found a transporter.
 14517 | Gauntlet | Found a runed translucent door.
 14519 | Gauntlet | Found a runed translucent door.
 14520 | Gauntlet | Found the amulet of the Four Winds {rN+ Will+++ Clar}
 14522 | Gauntlet | Found a transporter.
 14525 | Gauntlet | Found a transporter.
 14534 | Gauntlet | Found a transporter.
 14534 | Gauntlet | Noticed a ghost crab
 14547 | Gauntlet | Noticed a catoblepas
 14550 | Gauntlet | Found a transporter.
 14558 | Gauntlet | Noticed an eight-headed hydra
 14561 | Gauntlet | Found a transporter.
 14565 | Gauntlet | Found a runed translucent door.
 14573 | Gauntlet | Found a transporter.
 14578 | Gauntlet | Found a transporter.
 14602 | Gauntlet | Found a transporter.
 14602 | Gauntlet | Found a transporter.
 14658 | Gauntlet | Found a transporter.
 14659 | Gauntlet | Found a transporter.
 14877 | Gauntlet | Identified the ring "Omuics" {Fire Str+2}
 14943 | Gauntlet | Killed a ghost crab
 14946 | Gauntlet | Identified the scarf of Tomorrow {shadows, +Blink rN+}
 14975 | Gauntlet | Noticed a minotaur
 14985 | Gauntlet | Annihilated by a minotaur

Illustrated notes

Levels and vault maps discovered:
D:1:      shiori_arrival_maze, layout_basic
D:2:      layout_rooms, uniq_jessica, uniq_sigmund
D:3:      layout_basic
D:4:      layout_loops_corners, lemuel_round_altar,
          gammafunk_temple_overflow_claw, temple_fountains, serial_shops,
          nicolae_shop_waterfront, uniq_pikel
D:5:      minmay_bubble_buster, layout_basic,
          grunt_temple_overflow_order_and_chaos_1, kennysheep_mini,
          serial_shops, nicolae_shop_advertising_works
          [nicolae_subvault_shop_adworks], roderic_batcave
D:6:      layout_basic, nicolae_overflow_macrodata_refinement,
          minmay_statues_item, uniq_edmund
D:7:      layout_cave_pools, serial_demonic, serial_demonic_b, serial_demonic_f,
          serial_demonic_g, serial_demonic_a, serial_demonic_b,
          serial_demonic_d, amcnicky_mini_rare_corridor_liquid
D:8:      layout_rooms, mainiacjoe_overflow_paths, lair_entry_dummy
D:9:      layout_roguey, lightli_temple_of_fire, kennysheep_cluttered_room
D:10:     layout_roguey [special_room_orc], nicolae_qazlal_scattered_showers,
          minivault_10
D:11:     layout_loops_cross, enter_trove_1
D:12:     layout_rooms, serial_shops, shop, st_stairs_9,
          chequers_serial_rivers_micro_b, hangedman_weighted_door
Lair:1:   layout_roguey, portal_ice_cave_demonic_guard
Lair:2:   regret_index_malice_mire, layout_small_grid, gauntlet_entry_generic,
          chequers_serial_rivers_small_b, minmay_lair_oklob_items,
          uniq_prince_ribbit2
Gauntlet: minmay_gauntlet_77_tree [minmay_gauntlet_arena_77_checkered,
          minmay_gauntlet_arena_77_museum, minmay_gauntlet_arena_77_cramped,
          minmay_gauntlet_arena_77_double_cross, minmay_gauntlet_arena_77_path,
          minmay_gauntlet_arena_77_squiggly,
          minmay_gauntlet_arena_77_hold_the_fort,
          nicolae_gauntlet_exit_dead_adventurers]

Skill      XL: |  1  2  3  4  5  6  7  8  9 10 11 12 |
---------------+-------------------------------------+-----
Spellcasting   | 5 6 7 8 9 |  9.1
Stealth        | 6 7 8 9 |  9.7
Invocations    | 1 2 3 4 5 6 7 8 |  8.3
Fighting       | 1 2 3 5 6 7 |  7.5
Long Blades    | 1 2 3 5 6 7 |  7.5
Axes           | 1 2 3 5 6 7 |  7.5
Maces & Flails | 1 2 3 5 6 7 |  7.5
Polearms       | 1 2 3 5 6 7 |  7.5
Staves         | 1 2 3 5 6 7 |  7.5
Ranged Weapons | 1 2 3 5 6 7 |  7.5
Throwing       | 1 2 3 5 6 7 |  7.5
Armour         | 1 2 3 5 6 7 |  7.5
Shields        | 1 2 3 5 6 7 |  7.5
Unarmed Combat | 1 2 3 5 6 7 |  7.5
Evocations     | 1 2 3 5 6 7 |  7.5
Shapeshifting  | 1 2 3 4 5 6 |  6.9
Short Blades   | 3 4 5 6 7 8 |  8.0
Conjurations   | 1 2 3 4 5 6 |  6.2
Summonings     | 1 2 3 4 5 6 |  6.2
Necromancy     | 1 2 3 4 5 6 |  6.2
Translocations | 1 2 3 4 5 6 |  6.2
Fire Magic     | 1 2 3 4 5 6 |  6.2
Ice Magic      | 1 2 3 4 5 6 |  6.2
Air Magic      | 1 2 3 4 5 6 |  6.2
Earth Magic    | 1 2 3 4 5 6 |  6.2
Alchemy        | 1 2 3 4 5 6 |  6.2
Dodging        | 5 6 7 8 |  8.9
Hexes          | 6 7 8 |  8.4

Action                     |  1- 3 |  4- 6 |  7- 9 | 10-12 || total
---------------------------+-------+-------+-------+-------++-------
  Melee: Dagger            |    72 |    92 |   353 |   475 ||   992
         Bite              |     2 |    10 |    35 |   121 ||   168
         Punch             |     2 |     2 |    12 |    17 ||    33
         Long sword        |       |       |       |   145 ||   145
         Quick blade       |       |       |       |   183 ||   183
   Cast: Ensorcelled Hiber |     8 |    18 |    65 |    52 ||   143
         Confusing Touch   |       |     1 |     8 |    47 ||    56
         Dazzling Flash    |       |       |     8 |    44 ||    52
         Tukima's Dance    |       |       |     1 |     5 ||     6
 Invoke: Grand Finale      |       |       |       |     2 ||     2
  Evoke: Wand              |       |       |       |    33 ||    33
    Use: Potion            |       |     1 |       |     2 ||     3
         Scroll            |       |       |       |    17 ||    17
   Stab: Sleeping          |    17 |    22 |    67 |    42 ||   148
         Invisible         |       |     4 |     3 |    32 ||    39
         Confused          |       |     2 |     9 |    44 ||    55
         Distracted        |       |       |     1 |     3 ||     4
         Paralysed         |       |       |       |    28 ||    28
 Armour: Robe              |    31 |    40 |   166 |   211 ||   448
         Chain mail        |       |       |       |   290 ||   290
         Leather armour    |       |       |       |    38 ||    38
  Dodge: Dodged            |    46 |    61 |   263 |   534 ||   904
  Block: Buckler           |       |       |       |    89 ||    89
